 Dungeon Crawl Stone Soup version 0.17-a0-2064-g265a032 (webtiles) character file.

10385 nrokreffefp the Basher (level 11, -3/87 HPs)
             Began as a Demonspawn Monk on Oct 12, 2015.
             Was a High Priest of Okawaru.
             Slain by a manticore (8 damage)
             ... on level 11 of the Dungeon.
             The game lasted 00:23:40 (10714 turns).

nrokreffefp the Basher (Demonspawn Monk)           Turns: 10714, Time: 00:23:40

Health: -3/87      AC: 22    Str: 15    XL:     11   Next: 35%
Magic:  0/11       EV: 12    Int: 11    God:    Okawaru [*****.]
Gold:   762        SH:  0    Dex: 16    Spells: 0 memorised, 10 levels left

rFire  + . .     SeeInvis .     M - +2 flail (protect)
rCold  . . .     Clarity  .     f - +0 ring mail
rNeg   + . .     SustAt   .     (no shield)
rPois  .         Gourm    .     t - +0 helmet
rElec  .         Spirit   +     k - +0 cloak {MR+}
rCorr  .         Warding  .     j - +0 pair of gloves
rMut   .         Stasis   .     u - +1 pair of boots {Stlth+}
MR     +....                    (no amulet)
Stlth  ++........               z - ring of positive energy
                                a - ring of wizardry

@: somewhat resistant to hostile enchantments, unstealthy
A: talons 1, molten scales 3, spiny 2, magic shield
a: Heroism, Finesse, Renounce Religion


You were on level 11 of the Dungeon.
You worshipped Okawaru.
Okawaru was extremely pleased with you.
You were hungry.

You visited 1 branch of the dungeon, and saw 11 of its levels.
You also visited: Ossuary.

You collected 762 gold pieces.

Inventory:

Hand Weapons
 I - a +4 morningstar of venom
 M - a +2 flail of protection (weapon)
Missiles
 w - 8 steel javelins (quivered)
Armour
 f - a +0 ring mail (worn)
 j - a +0 pair of gloves (worn)
 k - a +0 cloak of magic resistance (worn)
 t - a +0 helmet (worn)
 u - a +1 pair of boots of stealth (worn)
 P - a +0 hat
Jewellery
 a - a ring of wizardry (left hand)
 g - a +3 ring of strength {unknown}
 z - a ring of positive energy (right hand)
Wands
 n - a wand of digging (6)
 p - a wand of teleportation (5)
Scrolls
 c - 6 scrolls of remove curse
 e - a scroll of magic mapping
 q - 4 scrolls of blinking
 x - 2 scrolls of teleportation
 y - a scroll of fear
 B - a scroll of recharging
 C - a scroll of random uselessness
 D - a scroll of identify
 H - a scroll of brand weapon {unknown}
 N - a scroll of enchant weapon {unknown}
Potions
 d - 7 potions of curing
 h - 3 potions of ambrosia
 i - 2 potions of haste
 m - 6 potions of heal wounds
 o - 3 potions of brilliance
 r - a potion of beneficial mutation {unknown}
 s - 3 potions of might
 A - a potion of cure mutation
 E - 2 potions of berserk rage
 G - a potion of agility
 K - a potion of mutation {unknown}
Books
 L - the Incunabulum of Mutagenic Self-Knowledge
   (You found it on level 10 of the Dungeon)

   Spells                             Type                      Level
   a - Beastly Appendage              Transmutation                1
   b - Swiftness                      Charms/Air                   2
   c - Spider Form                    Transmutation/Poison         3
   d - Excruciating Wounds            Charms/Necromancy            5
   e - Ring of Flames                 Charms/Fire                  7
Comestibles
 b - 10 bread rations
 l - 2 meat rations
 v - 6 fruits
 F - 5 royal jellies
 J - 2 beef jerkies
 O - 6 chunks of flesh


   Skills:
 + Level 8.3 Fighting
 * Level 11.8 Maces & Flails
 - Level 8.1 Armour
 + Level 4.3 Dodging
 - Level 1.7 Stealth
 - Level 3.6 Unarmed Combat


You had 10 spell levels left.
You didn't know any spells.

Dungeon Overview and Level Annotations

Branches:
Dungeon (11/15)            Temple (0/1) D:5            Lair (0/8) D:10
    Orc (0/4) D:10

Altars:
Ashenzari
Cheibriados
Fedhas
Gozag
Makhleb
Okawaru
Qazlal
Ru
Sif Muna
Vehumet
Xom
Yredelemnul
Zin


Innate Abilities, Weirdness & Mutations

You have sharp toenails.
You are completely covered in molten scales (AC +4, EV -1, rF+).
You are mostly covered in sharp spines.
When hurt, damage is shared between your health and your magic reserves.


Message History

* * * LOW HITPOINT WARNING * * *
The manticore claws you but does no damage. x2
You barely miss the manticore.
The manticore is heavily wounded.
You barely miss the manticore.
The manticore is heavily wounded.
The manticore misses you.
The manticore claws you but does no damage.
The manticore closely misses you.
You thump the manticore!
The manticore is heavily wounded.
The manticore bites you.
* * * LOW HITPOINT WARNING * * *
The manticore claws you but does no damage. x2
You barely miss the manticore.
The manticore is heavily wounded.
The manticore closely misses you. The manticore claws you!
* * * LOW HITPOINT WARNING * * *
The manticore claws you!
You die...

#.$......## ...
..####....# ....
.#...#....####.....
#......)........[..
#..........<.......
#........####.....
#####.....#........
.. #..............
#..##..)...@H......
#.....[.†..###.#..
#.....†..###
#........#####
#......>.(....
#.........####
###.##.#...... ...
#...#..## #.###
#....###


You could see a manticore.

Vanquished Creatures
  The ghost of kitsy the Cleaver, a novice HOFi of Beogh (D:8)
  The ghost of nrokreffefp the Skirmisher, a novice DrMo of Okawaru (D:5)
  Joseph (D:7)
  A gargoyle (D:11)
  A two-headed ogre (D:8)
  A trapdoor spider (D:9)
  A hippogriff (D:11)
  A steam dragon (D:11)
  3 yaks (D:10)
  A hungry ghost (D:10)
  Menkaure (D:5)
  4 ice beasts (D:6)
  4 sky beasts
  6 necrophages (D:8)
  2 black bears
  A phantom (D:5)
  5 ogres
  4 centaurs
  2 orc warriors
  10 giant frogs
  A gnoll sergeant (D:6)
  19 wights
  14 scorpions
  A water moccasin skeleton (D:6)
  3 spriggan skeletons (D:9)
  A troll skeleton (D:9)
  4 crimson imps
  9 orc priests
  3 centaur zombies
  3 jellies
  A giant frog zombie (D:8)
  10 orc wizards
  9 hounds
  3 centaur skeletons
  3 quasits
  4 iguanas
  Jessica (D:2)
  12 worker ants
  A killer bee zombie (D:10)
  4 big kobold zombies (Ossuary)
  3 mummies
  A hound skeleton (D:5)
  4 worker ant zombies
  6 adders
  3 oozes
  3 adder skeletons
  5 worms
  4 giant geckos
  64 orcs
  2 gnoll zombies (Ossuary)
  7 goblins
  4 hobgoblins
  5 kobolds
  4 quokkas
  A ball python (D:4)
  3 bats
  6 giant cockroaches
  3 giant newts
  2 goblin zombies (Ossuary)
  4 hobgoblin zombies (Ossuary)
  3 kobold zombies (Ossuary)
  2 orc zombies (Ossuary)
  A quokka skeleton (D:9)
  8 rats
305 creatures vanquished.

Vanquished Creatures (others)
  A mummy (Ossuary)
1 creature vanquished.

Grand Total: 306 creatures vanquished

Notes
Turn   | Place    | Note
--------------------------------------------------------------
     0 | D:1      | nrokreffefp the Demonspawn Monk began the quest for the Orb.
     0 | D:1      | Reached XP level 1. HP: 18/18 MP: 1/1
   298 | D:1      | Gained mutation: When hurt, damage is shared between your health and your magic reserves. [demonic ancestry]
   298 | D:1      | Reached XP level 2. HP: 20/24 MP: 2/2
   907 | D:2      | Noticed Jessica
   938 | D:2      | Killed Jessica
   938 | D:2      | Reached skill level 4 in Fighting
   938 | D:2      | Gained mutation: You are partially covered in molten scales (AC +1). [demonic ancestry]
   938 | D:2      | Reached XP level 3. HP: 30/30 MP: 3/3
  1145 | D:2      | Gained mutation: You are partially covered in sharp spines. [demonic ancestry]
  1145 | D:2      | Reached XP level 4. HP: 27/37 MP: 2/4
  1931 | D:3      | Found an iron altar of Okawaru.
  1936 | D:3      | Found a snail-covered altar of Cheibriados.
  1946 | D:3      | Found a deep blue altar of Sif Muna.
  1959 | D:3      | Became a worshipper of Warmaster Okawaru
  1959 | D:3      | Reached * piety under Okawaru
  1959 | D:3      | Reached ** piety under Okawaru
  2008 | D:3      | Reached XP level 5. HP: 38/43 MP: 5/5
  2328 | D:4      | Reached skill level 1 in Maces & Flails
  2337 | D:4      | Reached skill level 5 in Fighting
  2377 | D:4      | Found a radiant altar of Vehumet.
  2466 | D:4      | Found a shimmering altar of Xom.
  2514 | D:4      | Reached XP level 6. HP: 19/51 MP: 1/6
  2865 | D:4      | Found a burning altar of Makhleb.
  2865 | D:4      | Noticed a green death
  2977 | D:4      | Found a glowing silver altar of Zin.
  3019 | D:5      | Entered Level 5 of the Dungeon
  3161 | D:5      | Noticed nrokreffefp's ghost (novice DrMo)
  3217 | D:5      | HP: 2/51 [nrokreffefp's ghost (6)]
  3219 | D:5      | Killed nrokreffefp's ghost
  3219 | D:5      | Reached *** piety under Okawaru
  3219 | D:5      | Reached skill level 6 in Fighting
  3219 | D:5      | Reached XP level 7. HP: 8/58 MP: 7/7
  3242 | D:5      | Found a sacrificial altar of Ru.
  3360 | D:5      | Reached skill level 5 in Maces & Flails
  3626 | D:5      | Found a staircase to the Ecumenical Temple.
  3865 | D:5      | Noticed Menkaure
  3885 | D:5      | Killed Menkaure
  3885 | D:5      | Gained mutation: You are mostly covered in molten scales (AC +3, EV -1). [demonic ancestry]
  3885 | D:5      | Reached XP level 8. HP: 47/65 MP: 4/8
  4163 | D:6      | Received a gift from Okawaru
  4240 | D:6      | Reached skill level 7 in Fighting
  4536 | D:6      | Reached **** piety under Okawaru
  4536 | D:6      | Received a gift from Okawaru
  4547 | D:6      | Gained mutation: You have sharp toenails. [demonic ancestry]
  4547 | D:6      | Reached XP level 9. HP: 17/73 MP: 3/9
  4807 | D:6      | Reached skill level 8 in Maces & Flails
  5015 | D:6      | Found a shattered altar of Ashenzari.
  5310 | D:6      | Reached skill level 1 in Armour
  5557 | D:7      | Found a stormy altar of Qazlal.
  5645 | D:7      | Found a blossoming altar of Fedhas.
  5645 | D:7      | Found a basalt altar of Yredelemnul.
  5800 | D:7      | Reached skill level 9 in Maces & Flails
  6075 | D:7      | Found a sand-covered staircase.
  6081 | Ossuary  | Entered an ossuary
  6743 | D:7      | Noticed Joseph
  6754 | D:7      | Killed Joseph
  6813 | D:7      | Reached ***** piety under Okawaru
  6813 | D:7      | Gained mutation: You are completely covered in molten scales (AC +4, EV -1, rF+). [demonic ancestry]
  6813 | D:7      | Reached XP level 10. HP: 71/80 MP: 8/10
  7034 | D:7      | Reached skill level 5 in Armour
  7320 | D:7      | Reached skill level 10 in Maces & Flails
  7597 | D:8      | Noticed kitsy's ghost (novice HOFi)
  7805 | D:8      | Killed kitsy's ghost
  8293 | D:8      | Found an opulent altar of Gozag.
  8487 | D:8      | Identified a scroll of acquirement
  8567 | D:9      | Reached skill level 11 in Maces & Flails
  8801 | D:9      | Received a gift from Okawaru
  9007 | D:9      | Received a gift from Okawaru
  9536 | D:10     | Entered Level 10 of the Dungeon
  9587 | D:10     | Gained mutation: You are mostly covered in sharp spines. [demonic ancestry]
  9587 | D:10     | Reached XP level 11. HP: 73/83 MP: 11/11
  9617 | D:10     | Identified the Incunabulum of Mutagenic Self-Knowledge
  9622 | D:10     | Found a staircase to the Orcish Mines.
  9866 | D:10     | Found a staircase to the Lair.
 10714 | D:11     | Slain by a manticore

Vault maps used:
D:1:      lightli_arrival_noodles
D:2:      kennysheep_jessica_study
D:3:      minitemple
D:4:      zin_statuary, overflow_temple_1_default,
          nicolae_overflow_crystal_walls, makhleb_altar_promises_db,
          hangedman_decor_points
D:5:      old_standard_altar, temple_pool_b, first_bread, uniq_menkaure
D:6:      cheibrodos_ashenzari_chains, minmay_joined_circles
D:7:      lemuel_round_altar, nicolae_overflow_hidden_temple,
          lemuel_coloured_pillars_altar, nicolae_ossuary_entry_plus,
          uniq_joseph, uniq_crazy_yiuf_cottage
D:8:      grunt_gozag_statues, serial_undead, serial_undead_f, serial_undead_b,
          serial_undead_b, serial_undead_e, serial_undead_b, serial_undead_b,
          serial_undead_a, serial_undead_d
D:9:      hangedman_tell_no_tales, kennysheep_dice
D:10:     lair_0_dummy, orc_david_3, special_room, minmay_holes
D:11:     serial_shops, kennysheep_mini_moat
Ossuary:  ossuary_minmay_scorpions

Action                   |  1- 3 |  4- 6 |  7- 9 | 10-12 || total
-------------------------+-------+-------+-------+-------++-------
Melee: Unarmed           |    95 |     1 |       |       ||    96
       Mace              |       |    33 |       |       ||    33
       Flail             |       |   105 |   344 |   259 ||   708
       Morningstar       |       |       |       |   141 ||   141
Invok: Heroism           |       |     1 |     3 |     2 ||     6
  Use: Scroll            |     4 |     5 |     2 |    12 ||    23
       Potion            |       |     3 |       |     2 ||     5
 Stab: Sleeping          |     1 |     2 |       |     4 ||     7
       Distracted        |       |       |     1 |       ||     1
  Eat: Chunk             |     1 |     6 |     9 |     9 ||    25
       Royal jelly       |       |       |     1 |       ||     1
       Beef jerky        |       |       |     1 |     2 ||     3
       Fruit             |       |       |       |     2 ||     2
